Map: Écho EC

Players

AgCl

  • Race: Protoss Protoss

Kyrao - Winner!

  • Race: Terran Terran

VOD

Have the link to the VOD?

Description

Time

  • Played on: May 12, 2015, 11:19 p.m.
  • Length: 8:58
Show
View Real Time Build Order
Export as new Build Order

AgCl Protoss 

Build Orders:  

Get SALT Encoding   

  12  0:04  Probe  
  13  0:16  Pylon  
  13  0:17  Probe  
  14  0:30  Assimilator  
  14  0:35  Gateway  
  14  0:39  Probe  
  15  0:52  Probe (Chrono Boost)  
  16  1:03  Probe (Chrono Boost)  
  17  1:09  Probe (Chrono Boost)  
  18  1:21  Probe (Chrono Boost)  
  18  1:25  Cybernetics Core  
  20  1:33  Probe (Chrono Boost)  
  20  1:34  Pylon  
  20  1:41  Probe (Chrono Boost)  
  21  1:54  Probe  
  22  1:55  Gateway  
  22  1:56  Pylon  
  22  2:01  Warp Gate (Chrono Boost)  
  22  2:03  Adept  
  25  2:12  Mothership Core  
  26  2:17  Assimilator  
  26  2:21  Gateway  
  26  2:25  Pylon  
  26  2:33  Probe  
  27  2:43  Robotics Facility  
  27  2:57  Gateway  
  27  3:10  Gateway  
  27  3:30  Immortal (Chrono Boost)  
  31  3:48  Nexus  
  31  3:54  Probe  
  32  3:58  Gateway  
  33  4:02  Observer (Chrono Boost)  
  33  4:16  Warp Prism (Chrono Boost)  
  35  4:18  Probe (Chrono Boost)  
  36  4:26  Adept  
  36  4:27  Adept  
  36  4:30  Probe (Chrono Boost)  
  41  4:41  Probe  
  41  4:42  Forge  
  42  4:53  Probe  
  42  4:56  Observer (Chrono Boost)  
  44  5:02  Probe  
  44  5:05  Probe  
  40  5:28  Adept x2  
  42  5:29  Stalker, Adept  
  42  5:30  Stalker, Adept  
  40  5:52  Probe (Chrono Boost)  
  40  5:54  Immortal (Chrono Boost)  
  40  5:55  Assimilator  
  46  5:57  Probe (Chrono Boost)  
  46  5:58  Assimilator  
  46  6:01  Protoss Ground Weapons Level 1 (Chrono Boost)  
  46  6:02  Probe (Chrono Boost)  
  48  6:04  Probe (Chrono Boost)  
  48  6:10  Probe (Chrono Boost)  
  48  6:11  Adept x2  
  46  6:22  Probe (Chrono Boost)  
  46  6:23  Probe (Chrono Boost)  
  47  6:29  Pylon  
  47  6:30  Probe x2 (Chrono Boost)  
  49  6:45  Nexus  
  53  6:48  Immortal (Chrono Boost)  
  53  6:50  Probe (Chrono Boost)  
  53  6:53  Probe (Chrono Boost)  
  56  7:01  Probe (Chrono Boost)  
  56  7:06  Probe (Chrono Boost)  
  56  7:07  Pylon  
  58  7:08  Probe (Chrono Boost)  
  58  7:16  Pylon  
  58  7:17  Probe  
  58  7:18  Gateway  
  58  7:21  Gateway  
  59  7:31  Adept x2  
  59  7:32  Adept x2  
  69  7:42  Twilight Council, Probe (Chrono Boost)  
  69  7:43  Probe (Chrono Boost)  
  69  7:46  Adept  
  69  7:49  Probe (Chrono Boost)  
  70  7:54  Adept x2  
  70  7:56  Probe  
  74  7:58  Probe  
  75  8:12  Photon Cannon  
  75  8:22  Templar Archives  
  75  8:28  Probe x3  
  75  8:34  Pylon, Assimilator  
  78  8:40  Adept x3  
  78  8:41  Adept  
  78  8:52  Adept x2  
  78  8:53  Adept x2  
Show
View Real Time Build Order
Export as new Build Order

Kyrao Terran - Winner!

Build Orders: Command Center First (CC) 

Get SALT Encoding   

  12  0:01  SCV  
  13  0:14  SCV  
  14  0:26  SCV  
  14  0:27  Supply Depot  
  15  0:49  SCV  
  16  1:01  Command Center, SCV  
  17  1:09  Barracks  
  17  1:13  SCV  
  18  1:23  Barracks  
  18  1:27  SCV  
  19  1:39  SCV  
  20  1:51  SCV  
  21  1:57  Marine  
  21  2:00  Refinery  
  22  2:02  Refinery  
  22  2:03  SCV  
  22  2:04  Barracks  
  23  2:13  Orbital Command  
  23  2:20  Orbital Command  
  23  2:24  Marine  
  23  2:27  Marine  
  25  2:41  SCV  
  26  2:45  Bunker  
  26  2:47  Barracks Tech Lab  
  26  2:48  Marine  
  27  2:51  SCV  
  27  2:53  SCV  
  27  2:54  Marine  
  30  3:04  SCV  
  30  3:05  SCV  
  32  3:06  Marine  
  32  3:08  Marine  
  32  3:20  SCV  
  32  3:21  SCV  
  32  3:22  Marine  
  32  3:23  Stimpack  
  32  3:24  Marine  
  32  3:26  Marine  
  37  3:28  Supply Depot  
  37  3:33  SCV  
  38  3:40  Supply Depot  
  38  3:48  Engineering Bay  
  38  3:49  SCV x2, Marine x3  
  38  3:50  Engineering Bay  
  38  3:55  Refinery  
  43  4:01  Factory  
  44  4:02  SCV  
  44  4:03  SCV  
  44  4:08  Supply Depot  
  45  4:10  Marine x3  
  45  4:15  Terran Infantry Weapons Level 1  
  48  4:18  SCV  
  48  4:19  SCV  
  50  4:26  Terran Infantry Armor Level 1  
  50  4:31  Marine x3  
  50  4:36  SCV x2  
  55  4:46  Factory Reactor  
  55  4:48  SCV x2  
  55  4:49  Starport  
  57  4:54  Supply Depot, Barracks Reactor  
  57  4:56  Barracks Tech Lab  
  57  4:57  Marauder  
  59  5:01  SCV  
  59  5:02  SCV  
  61  5:07  Supply Depot  
  58  5:23  Marauder  
  58  5:24  Marauder  
  58  5:26  SCV x2  
  59  5:43  Widow Mine x2  
  59  5:44  Medivac  
  59  5:46  Marauder, Marine x2  
  67  5:54  SCV x2  
  69  5:57  Marine  
  69  6:00  Supply Depot  
  69  6:03  Supply Depot, Barracks  
  70  6:05  Armory, Barracks  
  70  6:06  SCV  
  70  6:07  Marauder  
  70  6:23  SCV x2  
  70  6:24  Missile Turret  
  72  6:25  Missile Turret  
  72  6:30  Command Center  
  72  6:32  Widow Mine x2, Medivac  
  74  6:34  Marauder, Marine x2  
  74  6:35  SCV  
  74  6:36  Barracks Tech Lab  
  74  6:39  SCV  
  84  6:46  Supply Depot  
  84  6:47  SCV  
  84  6:51  SCV  
  86  6:59  SCV  
  87  7:04  SCV  
  87  7:05  Starport Reactor  
  87  7:06  Widow Mine x2  
  92  7:11  SCV  
  92  7:12  Barracks Reactor  
  93  7:16  SCV  
  94  7:23  SCV  
  94  7:28  SCV  
  96  7:34  Marine x2, Marauder x2  
  102  7:41  SCV x2, Widow Mine x2  
  108  7:44  Supply Depot x2  
  108  7:50  Marine  
  108  7:51  Marine  
  110  7:52  Marine  
  111  8:00  Refinery  
  111  8:08  Barracks Tech Lab  
  111  8:09  Marine x2  
  111  8:10  Marine x2, Marauder x2  
  111  8:12  Missile Turret  
  119  8:13  Bunker, Barracks  
  119  8:15  Missile Turret  
  119  8:18  Barracks, Widow Mine x2  
  119  8:19  Medivac x2  
  127  8:27  SCV x2  
  129  8:29  Orbital Command  
  129  8:31  Marine  
  129  8:32  Marauder, Marine x2  
  129  8:33  Marauder  
  136  8:39  SCV x2  
Tags
 
Add a new tag
Caveats
  • Supply blocks, unpowered buildings, or Contaminate may cause inaccurate times.
  • Supply counts are checked every 10 seconds.